 Dungeon Crawl Stone Soup version 0.24-a0-524-gf43b32f898 (webtiles) character file.

Game seed: 2603742987255959212

39 Destapler the Skirmisher (level 3, 0/29 HPs)
             Began as a Demonspawn Fighter on July 31, 2019.
             Slain by a kobold
             ... wielding a +0 spear
              (2 damage)
             ... on level 2 of the Dungeon.
             The game lasted 00:04:53 (785 turns).

Destapler the Skirmisher (Demonspawn Fighter)        Turns: 785, Time: 00:04:54

Health: 0/29       AC:  6    Str: 21    XL:     3   Next: 26%
Magic:  3/3        EV:  7    Int:  9    God:
Gold:   26         SH:  0    Dex: 13    Spells: 2/2 levels left

rFire    . . .     SeeInvis .   a - +0 trident
rCold    . . .     Gourm    .   c - +0 shield
rNeg     . . .     Faith    .   b - +0 scale mail
rPois    .         Spirit   .   (no helmet)
rElec    .         Reflect  .   (no cloak)
rCorr    .         Harm     .   (no gloves)
MR       .....                  (no boots)
Stlth    ..........             (no amulet)
HPRegen  0.09/turn              (no ring)
MPRegen  0.08/turn              (no ring)

@: confused, mighty
A: hooves 1, nightstalker 1
a: no special abilities


You were on level 2 of the Dungeon.
You were not hungry.

You visited 1 branch of the dungeon, and saw 2 of its levels.

You collected 26 gold pieces.

Inventory:

Hand Weapons
 a - a +0 trident (weapon)
Armour
 b - a +0 scale mail (worn)
 c - a +0 shield (worn)
Jewellery
 g - an uncursed amulet of guardian spirit {unknown}
Scrolls
 e - a scroll of remove curse {unknown}
 h - a scroll of teleportation {unknown}
Potions
 i - a potion of curing {unknown}
 j - a potion of ambrosia {unknown}
 l - 2 potions of haste {unknown}
Comestibles
 f - 2 rations


   Skills:
 + Level 3.2 Fighting
 * Level 2.4 Polearms
 + Level 2.9 Armour
 * Level 1.0 Stealth
 + Level 2.9 Shields


You had 2 spell levels left.
You didn't know any spells.
Your spell library was empty.

Dungeon Overview and Level Annotations

Branches:
Dungeon (2/15)

Altars:

Annotations:
D:2 Sigmund


Innate Abilities, Weirdness & Mutations

You have large cloven feet.
You are slightly more attuned to the shadows.


Message History

The goblin barely misses you. The kobold hits you but does no damage.
Something hits you. Something freezes you.
The kobold hits you but does no damage.
You are too confused!
You are too confused!
You miss the goblin. The goblin hits you with a +0 club. Something hits you.
Something freezes you. The kobold barely misses you.
You closely miss the goblin. You kick the goblin.
You kill the goblin!
The kobold hits you from afar with a +0 spear.
Something hits you.
* * * LOW HITPOINT WARNING * * *
Something freezes you.
* * * LOW HITPOINT WARNING * * *
The kobold hits you with a +0 spear.
* * * LOW HITPOINT WARNING * * *
Something completely misses you. The kobold hits you but does no damage.
You completely miss something. Your kick misses something.
The kobold hits you from afar with a +0 spear.
You die...

+... ♣♣♣♣.♣♣♣♣......
#..?##.♣♣(♣♣........
... #..............##..
....#.........##### #..
....#....(.(..... ....
#.......(.†............
......K................
......{.)..........##..
......@...........
....#............ ...
#........... .
#....$..... #.......###
##.##+#.. ... ...


You could see a kobold.

Vanquished Creatures
  An adder (D:2)
  An ooze (D:1)
  A dart slug (D:1)
  3 goblins (D:2)
  3 hobgoblins
  4 bats
  3 frilled lizards
  7 kobolds
  2 rats (D:1)
25 creatures vanquished.

Notes
Turn   | Place    | Note
-------+----------+-------------------------------------------
     0 | D:1      | Destapler the Demonspawn Fighter began the quest for the
                  | Orb.
     0 | D:1      | Reached XP level 1. HP: 18/18 MP: 1/1
    28 | D:1      | Gained mutation: You are slightly more attuned to the
                  | shadows. [demonic ancestry]
    28 | D:1      | Reached XP level 2. HP: 24/24 MP: 2/2
   531 | D:2      | Reached skill level 1 in Stealth
   531 | D:2      | Gained mutation: You have large cloven feet. [demonic
                  | ancestry]
   531 | D:2      | Reached XP level 3. HP: 19/29 MP: 3/3
   768 | D:2      | Noticed Sigmund
   785 | D:2      | Slain by a kobold

Levels and vault maps discovered:
D:1:      dpeg_arrival_tiny_a, layout_rooms
D:2:      cheibrodos_old_hovel, layout_basic, serial_forest,
          infiniplex_forest_fountain, infiniplex_forest_end_2,
          infiniplex_forest_clump_small, infiniplex_forest_clump_curved,
          infiniplex_forest_clump_curved, infiniplex_forest_fountain,
          infiniplex_forest_clump_tiny, infiniplex_forest_clump_double,
          uniq_sigmund

Skill      XL: |  1  2 |
---------------+-------+-----
Polearms       | 2 |  2.4
Stealth        | 1 |  1.0
Fighting       | |  3.2
Armour         | |  2.9
Shields        | |  2.9

Action                   || total
-------------------------++-------
Melee: Trident           ||   107
       Kick              ||     2
  Use: Potion            ||     1
 Stab: Sleeping          ||     1
Armor: Scale mail        ||    46
Dodge: Dodged            ||    31
Block: Shield            ||    46

Table legend:
 A = Non-vault XP
 B = Vault XP
 C = Vault XP percentage of total XP
 D = Non-vault monster count
 E = Vault monster count
 F = Vault count percentage of total count
                 A         B        C        D         E       F
            +---------+---------+-------+---------+---------+-------
      Total |      54 |       2 |   3.6 |      24 |       1 |   4.0
            +---------+---------+-------+---------+---------+-------
        D:1 |      30 |       0 |   0.0 |      15 |       0 |   0.0
        D:2 |      24 |       2 |   7.7 |       9 |       1 |  10.0
            +---------+---------+-------+---------+---------+-------
